 Dungeon Crawl Stone Soup version 0.26-a0-651-gb41185065b (webtiles) character file.

Game seed: 12592615534026795667

378 Ozzies the Skirmisher (level 6, -7/44 HPs)
             Began as a Gargoyle Fighter on Oct 3, 2020.
             Mangled by a two-headed ogre
             ... wielding a +0 giant club
              (11 damage)
             ... on level 4 of the Dungeon.
             The game lasted 00:03:50 (3385 turns).

Ozzies the Skirmisher (Gargoyle Fighter)            Turns: 3385, Time: 00:03:51

Health: -7/44      AC: 12    Str: 21    XL:     6   Next: 74%
Magic:  6/6        EV:  7    Int:  9    God:
Gold:   187        SH:  9    Dex:  9    Spells: 5/5 levels left

rFire    . . .     SeeInvis +   i - +2 hand axe (elec)
rCold    . . .     Faith    .   c - +0 kite shield
rNeg     + + .     Spirit   .   b - +0 scale mail
rPois    ∞         Reflect  .   n - +0 helmet
rElec    +         Harm     .   (no cloak)
rCorr    .         Rampage  .   (no gloves)
MR       .....                  (no boots)
Stlth    ..........             (no amulet)
HPRegen  0.14/turn              t - ring of positive energy
MPRegen  0.10/turn              l - ring of see invisible

@: no status effects
A: negative energy resistance 1, electricity resistance, unbreathing,
petrification resistance, rot immunity, AC +4
a: no special abilities


You were on level 4 of the Dungeon.
You visited 1 branch of the dungeon, and saw 4 of its levels.

You collected 187 gold pieces.

Inventory:

Hand Weapons
 a - a +0 flail
 i - a +2 hand axe of electrocution (weapon)
Armour
 b - a +0 scale mail (worn)
 c - a +0 kite shield (worn)
 n - a +0 helmet (worn)
 w - a +0 plate armour
Jewellery
 l - a ring of see invisible (right hand)
 t - a ring of positive energy (left hand)
Scrolls
 e - a scroll of identify {unknown}
 f - a scroll of teleportation {unknown}
 g - a scroll of amnesia
 j - 2 scrolls of remove curse
 q - a scroll of random uselessness {unknown}
 r - 4 scrolls of enchant weapon {unknown}
 s - a scroll of blinking {unknown}
 v - 2 scrolls of enchant armour {unknown}
Potions
 d - 3 potions of might
 h - 3 potions of mutation {unknown}
 k - 2 potions of degeneration {unknown}
 m - 2 potions of heal wounds {unknown}
 o - a potion of curing {unknown}
 p - a potion of stabbing {unknown}
 u - a potion of flight {unknown}


   Skills:
 + Level 7.2 Fighting
 + Level 2.3 Maces & Flails
 + Level 4.0 Armour
 + Level 0.5 Dodging
 + Level 3.7 Shields


You had 5 spell levels left.
You didn't know any spells.
Your spell library was empty.

Dungeon Overview and Level Annotations

Branches:
Dungeon (4/15)
 Temple: D:4-7

Altars:


Innate Abilities, Weirdness & Mutations

You are resistant to torment.
Your stone body is resilient. (AC +4)
You are immune to poison.
You resist negative energy. (rN+)
You are resistant to electric shocks. (rElec)
You can survive without breathing.
You are immune to petrification.
You are immune to rotting.


Message History

You are too injured to fight recklessly!
You are too injured to fight recklessly!
You are too injured to fight recklessly!
You are too injured to fight recklessly!
You are too injured to fight recklessly!
You are too injured to fight recklessly!
Unknown command.
You are too injured to fight recklessly!
You hit the two-headed ogre.
The two-headed ogre is lightly wounded.
You barely miss the iguana. The iguana barely misses you.
You block the two-headed ogre's attack.
The two-headed ogre hits you with a cursed -2 giant club!
* * * LOW HITPOINT WARNING * * *
The iguana bites you!
* * * LOW HITPOINT WARNING * * *
There is an open door here.
There is a stone staircase leading up here.
The two-headed ogre hits you with a +0 giant club!
You die...

#. ##. ### #+## #..
..# #...## #..##
#.# #....>#
#...###.##.......
#....##.#........
#.....@Ol........
#....##.#........
#.#.###.##.......
#.......# #.....#
###.##### #...##
##.# #+## #..# #.#
#.## #.#
#####.##########.##


You could see a two-headed ogre and an iguana.

Vanquished Creatures
  A phantom (D:4)
  A wyvern skeleton (D:3)
  An orc priest (D:4)
  An orc wizard (D:4)
  A worker ant (D:4)
  3 gnolls (D:3)
  4 adders
  An ooze (D:1)
  3 dart slugs
  A leopard gecko (D:1)
  7 orcs
  4 giant cockroaches
  6 goblins
  7 hobgoblins
  8 jackals (D:3)
  2 quokkas
  A ball python (D:3)
  9 bats
  6 frilled lizards
  4 kobolds
  10 rats
81 creatures vanquished.

Notes
Turn   | Place    | Note
-------+----------+-------------------------------------------
     0 | D:1      | Ozzies the Gargoyle Fighter began the quest for the Orb.
     0 | D:1      | Reached XP level 1. HP: 14/14 MP: 1/1
   101 | D:1      | Reached XP level 2. HP: 19/19 MP: 2/2
   653 | D:1      | Reached skill level 4 in Fighting
   658 | D:1      | Reached XP level 3. HP: 15/24 MP: 3/3
  2012 | D:3      | Reached XP level 4. HP: 30/30 MP: 4/4
  2024 | D:3      | Reached skill level 5 in Fighting
  2029 | D:3      | Reached XP level 5. HP: 12/36 MP: 5/5
  2034 | D:3      | Reached skill level 6 in Fighting
  2911 | D:4      | Reached XP level 6. HP: 42/42 MP: 6/6
  2975 | D:4      | Noticed a phantom
  2983 | D:4      | Killed a phantom
  2983 | D:4      | Reached skill level 7 in Fighting
  3376 | D:4      | Noticed a two-headed ogre
  3385 | D:4      | Mangled by a two-headed ogre

Illustrated notes

Levels and vault maps discovered:
D:1:      dpeg_arrival_chambers_temple_mockup, layout_rooms
D:2:      layout_basic
D:3:      layout_rooms
D:4:      layout_loops_corners, old_standard_altar

Skill      XL: |  1  2  3  4  5  6 |
---------------+-------------------+-----
Fighting       | 4 5 6 7 |  7.2
Armour         | 4 |  4.0
Maces & Flails | |  2.3
Dodging        | |  0.5
Shields        | |  3.7

Action                   |  1- 3 |  4- 6 || total
-------------------------+-------+-------++-------
Melee: Flail             |    77 |       ||    77
       Hand axe          |    35 |   122 ||   157
  Use: Scroll            |     2 |       ||     2
Armor: Scale mail        |    83 |    67 ||   150
Dodge: Dodged            |    51 |    49 ||   100
Block: Kite shield       |    77 |    74 ||   151

Table legend: (Time is in decaauts)
 A = Elapsed time spent in this place.
 B = Non-inter-level travel time spent in this place.
 C = Inter-level travel time spent in this place.
 D = Time resting spent in this place.
 E = Time spent auto-exploring this place.
 F = Levels seen in this place.
 G = Mean time per level.
                   A        B        C        D        E       F      G
               +--------+--------+--------+--------+--------+-----+--------+
         Total |   3465 |   3361 |    104 |    444 |   2368 |   4 |  866.2 |
       Dungeon |   3465 |   3361 |    104 |    444 |   2368 |   4 |  866.2 |
               +--------+--------+--------+--------+--------+-----+--------+

Top non-repeatable levels by time:
     D:2: 1176 daAuts
     D:1: 1078 daAuts
     D:3: 660 daAuts
     D:4: 550 daAuts
